 Dungeon Crawl Stone Soup version 0.29-a0-598-gd8304a5bf4 (webtiles) character file.

Game seed: 5979942707844803299

107 HoaS the Bolt Thrower (level 5, -4/38 HPs)
             Began as a Human Hunter on June 15, 2022.
             Slain by an iguana (11 damage)
             ... on level 3 of the Dungeon.
             The game lasted 00:05:40 (2324 turns).

HoaS the Bolt Thrower (Human Hunter)                Turns: 2324, Time: 00:05:40

Health: -4/38      AC:  6    Str: 11    XL:     5   Next: 11%
Magic:  5/5        EV: 11    Int:  9    God:
Gold:   77         SH:  0    Dex: 19    Spells: 4/4 levels left

rFire   . . .      SeeInvis .   a - +1 hand crossbow
rCold   . . .      Faith    .   (no shield)
rNeg    . . .      Spirit   .   j - +0 ring mail
rPois   .          Reflect  .   d - +0 helmet
rElec   .          Harm     .   (no cloak)
rCorr   .          Rampage  .   (no gloves)
Will    .....                   (no boots)
Stlth   +.........              (no amulet)
HPRegen 0.12/turn               (no ring)
MPRegen 0.09/turn               (no ring)

@: no status effects
A: no striking features
a: no special abilities


You were on level 3 of the Dungeon.
You visited 1 branch of the dungeon, and saw 3 of its levels.

You collected 77 gold pieces.

Inventory:

Hand Weapons
 a - a +1 hand crossbow (weapon)
Armour
 b - a +0 leather armour
 d - a +0 helmet (worn)
 f - a +0 plate armour
 j - a +0 ring mail (worn)
Jewellery
 m - a ring of fire
Scrolls
 c - 2 scrolls of immolation
 i - a scroll of fear
Potions
 e - a potion of ambrosia {unknown}
 g - a potion of heal wounds
 h - a potion of curing {unknown}


   Skills:
 - Level 2.0 Fighting
 + Level 6.0 Crossbows
 - Level 2.0 Dodging
 - Level 1.0 Stealth


You had 4 spell levels left.
You didn't know any spells.
Your spell library was empty.

Dungeon Overview and Level Annotations

Branches:
Dungeon (3/15)

Altars:


Message History

You shoot a bolt. The bolt hits the goblin!
You kill the goblin!
You shoot a bolt. The bolt completely misses the iguana.
The iguana bites you! The iguana barely misses you.
You shoot a bolt. The bolt hits the iguana.
The iguana is lightly wounded.
The iguana misses you.
You shoot a bolt. The bolt barely misses the iguana.
The iguana bites you but does no damage.
You shoot a bolt. The bolt hits the iguana.
The iguana is lightly wounded.
The iguana closely misses you. The iguana barely misses you.
You shoot a bolt. The bolt closely misses the iguana.
The iguana barely misses you.
You shoot a bolt. The bolt closely misses the iguana.
The iguana misses you. The iguana barely misses you.
You shoot a bolt. The bolt barely misses the iguana.
The iguana closely misses you.
You shoot a bolt. The bolt hits the iguana.
The iguana is heavily wounded.
The iguana bites you!
You are too injured to fight recklessly!
You are too injured to fight recklessly!
You are too injured to fight recklessly!
You are too injured to fight recklessly!
Shoot: a) +1 hand crossbow
Press: ? - help, Q - select action Shift-Dir - straight line, f/p - iguana
Aim: an iguana (heavily wounded, 70% to hit)
You shoot a bolt.
The bolt hits the iguana but does no damage.
The iguana is heavily wounded.
The iguana bites you!
* * * LOW HITPOINT WARNING * * *
The iguana bites you but does no damage.
Shoot: a) +1 hand crossbow
Press: ? - help, Q - select action Shift-Dir - straight line, f/p - iguana
Aim: an iguana (moderately wounded, 70% to hit)
You shoot a bolt. The bolt completely misses the iguana.
The iguana bites you!
You die...

# ..........# #
#######.#.# ...... #
#.#.# ..... # #.#.#
.... #########.#.#
...### .......##.#.#
.....# ######.##.#.#
.....#
#.##.#.#######†)...#
#.##.#.....@l....#
#.##.########........
#.##.#...............
#.##.#...............
#.##.................
#.#####.#####........
#.# #.# ######### #.#
#.# #.# #.#


You could see an iguana.

Vanquished Creatures
  Jessica (D:2)
  Robin (D:2)
  2 adders (D:2)
  A dart slug (D:2)
  2 ball pythons (D:1)
  3 endoplasms
  A giant cockroach (D:3)
  6 hobgoblins
  A jackal (D:1)
  5 bats (D:1)
  2 frilled lizards (D:2)
  16 goblins
  A kobold (D:2)
  6 rats
48 creatures vanquished.

Vanquished Creatures (others)
  A goblin (D:2)
1 creature vanquished.

Grand Total: 49 creatures vanquished

Notes
Turn   | Place    | Note
-------+----------+-------------------------------------------
     0 | D:1      | HoaS the Human Hunter began the quest for the Orb.
     0 | D:1      | Reached XP level 1. HP: 16/16 MP: 1/1
   349 | D:1      | Reached XP level 2. HP: 22/22 MP: 2/2
   513 | D:1      | Reached XP level 3. HP: 27/27 MP: 3/3
   761 | D:2      | Reached skill level 5 in Crossbows
   785 | D:2      | Noticed Jessica
   788 | D:2      | Killed Jessica
   789 | D:2      | Reached XP level 4. HP: 33/33 MP: 4/4
   978 | D:2      | Noticed Robin
  1450 | D:2      | Killed Robin
  1733 | D:2      | Reached skill level 6 in Crossbows
  1733 | D:2      | Reached XP level 5. HP: 33/38 MP: 5/5
  2324 | D:3      | Slain by an iguana

Illustrated notes

Levels and vault maps discovered:
D:1:      dpeg_arrival_brainrot, layout_loops_ring, minivault_25
D:2:      layout_loops_ring, uniq_robin, uniq_jessica
D:3:      layout_basic

Skill      XL: |  1  2  3  4 |
---------------+-------------+-----
Crossbows      | 5 6 |  6.0
Fighting       | |  2.0
Dodging        | |  2.0
Stealth        | |  1.0

Action                   |  1- 3 |  4- 6 || total
-------------------------+-------+-------++-------
Melee: Hand crossbow     |       |     1 ||     1
 Fire: Hand crossbow     |    56 |    87 ||   143
  Use: Scroll            |       |     6 ||     6
       Potion            |       |     2 ||     2
Armor: Leather armour    |     1 |       ||     1
       Ring mail         |       |    30 ||    30
Dodge: Dodged            |     4 |    59 ||    63

Table legend: (Time is in decaauts)
 A = Elapsed time spent in this place.
 B = Non-inter-level travel time spent in this place.
 C = Inter-level travel time spent in this place.
 D = Time resting spent in this place.
 E = Time spent auto-exploring this place.
 F = Levels seen in this place.
 G = Mean time per level.
                   A        B        C        D        E       F      G
               +--------+--------+--------+--------+--------+-----+--------+
         Total |   2377 |   2339 |     38 |    668 |   1263 |   3 |  792.3 |
       Dungeon |   2377 |   2339 |     38 |    668 |   1263 |   3 |  792.3 |
               +--------+--------+--------+--------+--------+-----+--------+

Top non-repeatable levels by time:
     D:1: 1104 daAuts
     D:2: 1100 daAuts
     D:3: 171 daAuts
